Map: Cyber Forest LE

Players

Astrea - Winner!

  • Race: Protoss Protoss
  • Spawn Location: 5:00

IndyKNerazim

  • Race: Protoss Protoss
  • Spawn Location: 11:00

Event: 2019 WCS Summer

VOD

Have the link to the VOD?

Description

Time

  • Played on: July 12, 2019, 6:19 a.m.
  • Length: 9:30

All games in this series

Show
View Real Time Build Order
Export as new Build Order

Astrea Protoss - Winner!

Build Orders: Phoenix Opening, Zealot Archon 

Get SALT Encoding   

  12  0:01  Probe  
  13  0:14  Probe  
  13  0:18  Pylon  
  14  0:25  Probe  
  15  0:33  Probe  
  15  0:40  Gateway  
  15  0:41  Probe  
  16  0:47  Assimilator  
  17  0:53  Probe  
  17  0:55  Assimilator  
  18  1:01  Probe  
  18  1:08  Gateway  
  18  1:09  Probe  
  20  1:19  Probe  
  21  1:27  Cybernetics Core  
  21  1:31  Probe  
  22  1:36  Pylon  
  22  1:43  Probe  
  23  1:55  Probe  
  24  2:05  Stalker, Sentry  
  24  2:06  Warp Gate  
  24  2:07  Probe  
  29  2:15  Pylon  
  29  2:19  Probe  
  30  2:30  Pylon  
  30  2:31  Probe  
  30  2:34  Sentry  
  30  2:35  Stalker  
  35  2:41  Phoenix  
  35  2:47  Probe  
  36  2:54  Nexus  
  36  3:01  Pylon  
  36  3:03  Probe  
  37  3:09  Sentry  
  39  3:15  Probe  
  40  3:20  Robotics Facility  
  40  3:24  Probe  
  41  3:34  Probe  
  42  3:45  Pylon  
  42  3:46  Probe  
  43  3:54  Adept  
  43  3:55  Adept, Warp Prism  
  47  4:03  Probe  
  47  4:04  Probe  
  51  4:12  Probe  
  51  4:15  Probe  
  53  4:21  Probe  
  53  4:23  Immortal  
  53  4:27  Probe  
  55  4:33  Probe  
  60  4:40  Probe  
  61  4:46  Probe, Pylon  
  61  4:52  Probe  
  63  4:53  Assimilator, Immortal  
  63  4:56  Assimilator  
  63  4:58  Probe  
  64  5:03  Pylon  
  64  5:04  Probe  
  69  5:11  Probe  
  69  5:13  Forge  
  70  5:15  Twilight Council  
  70  5:19  Probe  
  71  5:31  Probe, Protoss Ground Weapons Level 1  
  71  5:34  Pylon  
  71  5:35  Probe  
  73  5:38  Gateway  
  73  5:39  Gateway  
  73  5:43  Gateway  
  73  5:44  Probe  
  73  5:45  Gateway  
  74  5:51  Charge  
  74  5:53  Templar Archives  
  74  5:56  Pylon  
  74  6:19  Nexus  
  74  6:21  Gateway  
  74  6:26  Gateway  
  74  6:32  Zealot x2  
  78  6:35  High Templar x2  
  78  6:37  Pylon  
  82  6:43  High Templar x2, Archon  
  86  6:48  Archon  
  86  6:49  Pylon  
  86  6:53  Zealot x2  
  90  6:54  Pylon  
  90  6:55  Pylon  
  90  6:56  Probe x2  
  92  7:11  High Templar x2  
  92  7:17  Archon, High Templar x2  
  92  7:18  Zealot x3  
  102  7:22  Zealot  
  102  7:23  Archon  
  102  7:28  Pylon  
  104  7:31  Pylon  
  104  7:36  Gateway  
  104  7:40  Zealot x3  
  104  7:42  Zealot  
  112  7:45  Zealot x2  
  112  7:49  Zealot  
  112  7:51  Zealot  
  120  8:01  Zealot x3  
  120  8:03  Zealot  
  128  8:06  Zealot  
  128  8:09  Zealot  
  128  8:12  High Templar x2  
  136  8:16  Archon  
  136  8:21  Zealot x3  
  136  8:24  Zealot  
  144  8:39  Zealot x3  
  124  8:57  Zealot x2  
  124  8:58  Zealot x4  
  124  9:13  Stalker x3  
  122  9:22  Zealot x3  
Show
View Real Time Build Order
Export as new Build Order

IndyKNerazim Protoss 

Build Orders: Phoenix Opening, Zealot Archon 

Get SALT Encoding   

  12  0:01  Probe  
  13  0:14  Probe  
  14  0:17  Pylon  
  14  0:24  Probe  
  15  0:32  Probe  
  15  0:39  Gateway  
  15  0:40  Probe  
  16  0:48  Assimilator  
  17  0:53  Probe  
  17  0:55  Assimilator  
  18  1:01  Probe  
  18  1:09  Probe  
  19  1:13  Gateway  
  20  1:19  Probe  
  21  1:27  Cybernetics Core  
  21  1:31  Probe  
  22  1:36  Pylon  
  22  1:43  Probe  
  23  1:52  Warp Gate  
  23  1:55  Probe  
  24  2:07  Probe  
  25  2:09  Stalker, Pylon  
  25  2:10  Sentry  
  28  2:36  Stalker  
  30  2:39  Stalker  
  32  2:44  Phoenix  
  32  2:49  Probe  
  33  2:54  Nexus  
  33  3:01  Probe  
  34  3:09  Sentry  
  36  3:13  Probe  
  36  3:15  Pylon  
  37  3:25  Probe  
  38  3:35  Robotics Facility  
  38  3:37  Probe  
  39  3:42  Forge  
  39  3:43  Sentry  
  39  3:47  Phoenix  
  41  3:49  Probe  
  42  3:58  Twilight Council  
  42  4:00  Pylon  
  42  4:03  Probe  
  44  4:13  Probe  
  45  4:17  Probe  
  45  4:18  Stalker  
  45  4:19  Stalker  
  45  4:22  Probe  
  49  4:25  Probe  
  49  4:30  Probe, Protoss Ground Weapons Level 1  
  51  4:32  Shield Battery  
  51  4:35  Probe  
  53  4:41  Probe  
  53  4:45  Shield Battery  
  54  4:47  Probe  
  55  4:54  Probe  
  55  4:59  Charge, Probe, Gateway  
  57  5:05  Gateway  
  57  5:06  Probe  
  56  5:07  Stalker  
  56  5:09  Stalker  
  56  5:11  Probe  
  59  5:18  Assimilator, Probe  
  59  5:19  Probe  
  59  5:21  Assimilator  
  61  5:32  Probe  
  61  5:34  Probe  
  62  5:38  Pylon  
  63  5:46  Gateway  
  63  5:49  Gateway, Pylon  
  65  5:54  Shield Battery  
  65  5:56  Zealot, Shield Battery  
  65  5:57  Zealot, Shield Battery  
  67  6:07  Templar Archives  
  67  6:08  Pylon  
  67  6:15  Zealot  
  69  6:25  Pylon  
  67  6:27  Zealot x3  
  67  6:28  Probe  
  74  6:35  Protoss Ground Weapons Level 2  
  74  6:37  Probe  
  75  6:45  Probe  
  76  6:48  High Templar  
  76  6:49  High Templar  
  80  6:54  High Templar x2  
  80  6:56  Zealot x2, Archon  
  80  6:57  Probe  
  80  6:58  Pylon  
  89  7:07  Probe  
  90  7:10  Archon  
  90  7:11  Probe  
  87  7:16  Warp Prism  
  87  7:22  Nexus  
  89  7:33  High Templar x2  
  89  7:36  Zealot  
  97  7:37  Archon  
  97  7:42  Zealot x2  
  97  7:43  Zealot  
  101  7:52  Gateway  
  101  7:54  Gateway  
  101  8:04  High Templar x2  
  101  8:05  Zealot x2  
  109  8:08  Pylon  
  109  8:09  Archon  
  107  8:17  Zealot  
  109  8:20  Pylon  
  109  8:38  Zealot x2  
  99  8:41  Zealot x3  
  81  8:56  High Templar  
  81  8:57  Zealot, High Templar  
  79  9:08  Zealot x5  
  75  9:12  Archon  
  54  9:24  Zealot  
Tags
 
Add a new tag
Caveats
  • Supply blocks, unpowered buildings, or Contaminate may cause inaccurate times.
  • Supply counts are checked every 10 seconds.